 Dungeon Crawl Stone Soup version 0.28.0-53-g5a82cb258f (webtiles) character file.

Game seed: 15831549944661558998

16 funkygono the Bolt Thrower (level 2, -2/25 HPs)
             Began as a Minotaur Hunter on June 29, 2022.
             Slain by Sigmund
             ... wielding a +0 scythe
              (10 damage)
             ... on level 2 of the Dungeon.
             The game lasted 00:01:32 (946 turns).

funkygono the Bolt Thrower (Minotaur Hunter)         Turns: 946, Time: 00:01:32

Health: -2/25      AC:  9    Str: 16    XL:     2   Next: 37%
Magic:  1/1        EV:  7    Int:  8    God:
Gold:   37         SH:  0    Dex: 10    Spells: 1/1 levels left

rFire   . . .      SeeInvis .   a - +0 short sword
rCold   . . .      Faith    .   (no shield)
rNeg    . . .      Spirit   .   f - +0 chain mail
rPois   .          Reflect  .   (helmet restricted)
rElec   .          Harm     .   (no cloak)
rCorr   .          Rampage  .   (no gloves)
Will    .....                   e - +0 pair of boots
Stlth   ..........              (no amulet)
HPRegen 0.08/turn               (no ring)
MPRegen 0.07/turn               (no ring)

@: no status effects
A: horns 2, retaliatory headbutt
a: no special abilities


You were on level 2 of the Dungeon.
You visited 1 branch of the dungeon, and saw 2 of its levels.

You collected 37 gold pieces.

Inventory:

Hand Weapons
 a - a +0 short sword (weapon)
 b - a +1 hand crossbow
Missiles
 d - 13 bolts
Armour
 c - a +0 leather armour
 e - a +0 pair of boots (worn)
 f - a +0 chain mail (worn)
Potions
 g - a potion of degeneration {unknown}


   Skills:
 + Level 2.6 Fighting
 + Level 4.8 Crossbows
 + Level 0.1 Armour
 + Level 2.4 Dodging
 + Level 0.8 Stealth


You had one spell level left.
You didn't know any spells.
Your spell library was empty.

Dungeon Overview and Level Annotations

Branches:
Dungeon (2/15)

Altars:

Annotations:
D:2 Sigmund


Innate Abilities, Weirdness & Mutations

You have a pair of horns on your head.
You reflexively headbutt those who attack you in melee.


Message History

You are confused.
Non-targeted confused fire: 14 bolts
Press: ? - help, Q - select action Dir - look around, f - activate You shoot a bolt.
Sigmund gestures at you while chanting.
The magic dart hits you but does no damage.
Unknown command.
Unknown command.
a - a +0 short sword (weapon)
Sigmund points at you and mumbles some strange words.
You are more confused.
You see here a bolt.
Sigmund screams, "Die, monster!"
Sigmund barely misses you.
Sigmund points at you and mumbles some strange words.
You resist with significant effort.
You bump into the rock wall.
Sigmund points at you and mumbles some strange words.
The puff of flame hits you.
You miss Sigmund. Your headbutt misses Sigmund.
Sigmund is heavily wounded.
Sigmund gestures at you while chanting. The magic dart hits you.
You barely miss Sigmund.
Sigmund is heavily wounded.
Sigmund hits you with a +0 scythe.
You closely miss Sigmund.
Sigmund is heavily wounded.
Sigmund completely misses you. Sigmund hits you with a +0 scythe!
You miss Sigmund.
Sigmund is heavily wounded.
You feel less confused. Sigmund completely misses you.
You hit Sigmund but do no damage. Your headbutt misses Sigmund.
Sigmund is heavily wounded.
You closely miss Sigmund. You headbutt Sigmund, but do no damage.
Sigmund is heavily wounded.
Sigmund hits you with a +0 scythe!
You die...

.#..####
....#.........
...>...##....#...(....
..>.##.#.....#..(....
....##.#.....#......
..........##+##....
.#........#§≈≈#(..
##....†...+≈≈≈+..#
#........#≈≈≈#@.#
#....†...##§##.@#
#..............(#
#...............#
#...............#
#######.........#
###########


You could see Sigmund.

Vanquished Creatures
  A bat (D:1)
  2 giant cockroaches
  2 goblins
  A hobgoblin (D:1)
  2 frilled lizards
  4 kobolds
  4 rats (D:1)
16 creatures vanquished.

Notes
Turn   | Place    | Note
-------+----------+-------------------------------------------
     0 | D:1      | funkygono the Minotaur Hunter began the quest for the Orb.
     0 | D:1      | Reached XP level 1. HP: 18/18 MP: 0/0
   386 | D:1      | Reached XP level 2. HP: 22/25 MP: 1/1
   458 | D:1      | Found a faded altar of an unknown god.
   926 | D:2      | Noticed Sigmund
   946 | D:2      | Slain by Sigmund

Illustrated notes

Levels and vault maps discovered:
D:1:      erik_arrival_blinker_ship, layout_basic,
          hellmonk_ecumenical_altar_inner_sanctum, nrook_mini_vaults
D:2:      layout_basic, minmay_liquid_box, uniq_sigmund

Action                   || total
-------------------------++-------
Melee: Short sword       ||    29
       Headbutt          ||     3
 Fire: Hand crossbow     ||    16
Armor: Chain mail        ||    12
       Leather armour    ||     2
Dodge: Dodged            ||    14
